AoeStats
← Only 1 call a day

Black Forest

509368248Analyzed
4v4 RM · 5d ago on Sep 26, 2026· 60m 13s· 8 players
Game mode
Random Map
Map size
Large (8 player)
Population
200
Speed
Normal
Resources
Standard
Victory
Conquest
Starting age
Dark Age
Ending age
Imperial Age
RankedLock teamsTeams togetherTeam positionsShared explorationLock speedFull tech treeHidden civsTurbo modeCheats
Victory
Defeat
🇨🇱 Persians · Chile
953
+15
🇵🇪 Franks · Peru
945
+15
🇪🇸 Goths · Spain
898
+17
🇭🇰 Shu · Hong Kong SAR China
879
+19
1004
-19
🇻🇳 Japanese · Vietnam
943
-17
🇨🇳 Saxons · China
942
-17
838
-13
十九集团军总司令薛岳
0:42 Loom
12:19 Feudal Age
16:52 Castle Age
14:54 Double-Bit Axe
14:53 Horse Collar
17:25 Heavy Plow
17:39 Bow Saw
24:05 Wheelbarrow
26:56 Hand Cart
29:21 Imperial Age
26:55 Stone Mining
26:54 Fishing Lines
27:35 Gold Mining
28:20 Stone Shaft Mining
29:09 Gold Shaft Mining
29:09 Stone Shaft Mining
28:35 Town Watch
29:09 Scale Barding Armor
29:15 Forging
30:31 Chain Barding Armor
30:41 Guilds
31:24 Elite War Elephant
32:33 Conscription
33:47 Plate Barding Armor
33:48 Iron Casting
35:13 Citadels
38:12 Blast Furnace
40:12 Fletching
40:22 Padded Archer Armor
43:42 Kamandaran
47:12 Crossbowman
47:57 Thumb Ring
47:53 Bodkin Arrow
48:13 Leather Archer Armor
49:36 Ballistics
50:16 Chemistry
52:18 Elite Skirmisher
53:37 Ring Archer Armor
第四集团军司令李宗仁
2:07 Loom
11:36 Feudal Age
12:06 Double-Bit Axe
12:05 Horse Collar
18:19 Castle Age
17:26 Wheelbarrow
19:01 Heavy Plow
19:12 Bow Saw
31:06 Imperial Age
30:11 Forging
30:01 Scale Mail Armor
30:06 Scale Barding Armor
29:53 Fletching
30:03 Padded Archer Armor
32:47 Two-Man Saw
32:20 Conscription
31:24 Elite Hussite Wagon
32:32 Siege Engineers
33:33 Hand Cart
33:04 Town Watch
36:57 Iron Casting
36:37 Chain Mail Armor
36:42 Chain Barding Armor
36:18 Bodkin Arrow
36:38 Leather Archer Armor
41:43 Blast Furnace
41:13 Plate Mail Armor
40:43 Bracer
57:11 Squires
56:34 Pikeman
Only 1 call a day
0:29 Loom
12:17 Feudal Age
15:24 Double-Bit Axe
18:23 Castle Age
16:34 Horse Collar
17:12 Stone Mining
23:30 Caravan
23:48 Bow Saw
29:05 Imperial Age
27:52 Wheelbarrow
27:35 Forging
29:09 Ballistics
29:14 Heavy Plow
29:34 Hand Cart
29:58 Squires
29:45 Gambesons
29:48 Arson
30:41 Iron Casting
30:06 Scale Mail Armor
30:58 Hand Cart
31:51 Chemistry
33:17 Two-Man Saw
32:48 Conscription
32:52 Treadmill Crane
33:08 Elite Samurai
34:53 Kataparuto
37:59 Blast Furnace
41:17 Siege Engineers
43:06 Chain Mail Armor
42:42 Fletching
43:57 Murder Holes
44:36 Plate Mail Armor
52:18 Gold Mining
52:18 Stone Mining
54:11 Gold Shaft Mining
Rex Incognito
12:48 Feudal Age
Cornopiomate
0:34 Loom
13:00 Feudal Age
13:51 Double-Bit Axe
15:52 Horse Collar
20:37 Castle Age
19:54 Stone Mining
19:54 Gold Mining
19:40 Man-at-Arms
22:48 Bow Saw
22:42 Heavy Plow
29:52 Town Watch
30:35 Caravan
32:26 Wheelbarrow
33:25 Hand Cart
36:51 Imperial Age
34:55 Long Swordsman
34:55 Pikeman
35:36 Squires
36:26 Forging
36:16 Scale Mail Armor
36:07 Fletching
37:03 Padded Archer Armor
36:57 Two-Handed Swordsman
38:00 Conscription
38:20 Anarchy
38:47 Chain Mail Armor
39:07 Iron Casting
39:19 Iron Casting
38:37 Halberdier
40:07 Perfusion
42:09 Blast Furnace
40:38 Elite Huskarl
44:10 Bodkin Arrow
45:21 Chemistry
51:26 Onager
51:38 Onager
XITRO
0:45 Loom
10:33 Feudal Age
16:11 Castle Age
14:21 Horse Collar
14:37 Double-Bit Axe
14:42 Horse Collar
18:59 Bow Saw
23:05 Wheelbarrow
24:48 Heavy Plow
31:46 Imperial Age
29:23 Stone Mining
29:25 Gold Mining
30:21 Fletching
31:53 Caravan
32:03 Scale Barding Armor
32:08 Forging
33:12 Chemistry
32:08 Murder Holes
32:34 Ballistics
33:20 Hand Cart
33:39 Heavy Camel Rider
35:12 Husbandry
35:22 Bloodlines
35:50 Iron Casting
37:41 Masonry
38:11 Hoardings
39:24 Town Watch
40:12 Architecture
39:44 Squires
57:52 Gold Shaft Mining
60:19 Two-Man Saw
ccpui1203
1:09 Loom
12:19 Feudal Age
16:23 Castle Age
15:05 Double-Bit Axe
29:54 Imperial Age
27:15 Fishing Lines
29:24 Wheelbarrow
29:05 Bow Saw
31:29 Gillnets
31:35 Gold Mining
31:35 Stone Mining
32:00 Thumb Ring
31:36 Crossbowman
32:58 Conscription
32:34 Fletching
32:44 Padded Archer Armor
32:26 Treadmill Crane
32:39 Heated Shot
33:55 Two-Man Saw
32:38 Horse Collar
33:24 Heavy Plow
33:47 Arbalester
34:51 Ballistics
35:32 Chemistry
34:17 Arrowslits
34:31 Bodkin Arrow
34:51 Leather Archer Armor
36:58 Bolt Magazine
37:46 Bracer
38:01 Leather Archer Armor
37:57 Forging
38:07 Coiled Serpent Array
37:57 Arson
38:13 Squires
40:55 Pikeman
48:06 Gold Shaft Mining
47:05 Halberdier
49:04 Hoardings
48:43 Masonry
48:39 Siege Engineers
48:29 Murder Holes
49:13 Ring Archer Armor
48:43 Scale Mail Armor
49:13 Elite White Feather Guard
51:26 Hand Cart
50:57 Town Watch
51:42 Guilds
52:02 Coinage
51:33 Caravan
56:35 Chain Mail Armor
Fckboy
3:55 Loom
14:53 Feudal Age
15:55 Double-Bit Axe
19:02 Castle Age
18:27 Wheelbarrow
20:02 Bow Saw
21:13 Hand Cart
22:58 Gold Mining
25:14 Gold Shaft Mining
25:39 Stone Mining
27:41 Pikeman
31:00 Imperial Age
28:48 Forging
28:49 Scale Barding Armor
28:47 Scale Mail Armor
30:06 Iron Casting
29:55 Chain Barding Armor
29:55 Chain Mail Armor
30:06 Husbandry
32:48 Blast Furnace
32:49 Chemistry
32:28 Plate Barding Armor
32:30 Plate Mail Armor
31:46 Cavalier
33:06 Halberdier
41:58 Fortified Wall
49:36 Paladin
57:44 Light Cavalry
Connection lost

Rejoining the realm…

Still unreachable

The connection could not be restored.

Session expired

The server has moved on; the page needs a fresh start.